 Seeded DCSS version 0.30-a0-900-g23479c02f2 (webtiles) character file.

Game seed: 17906827012690515480 (custom seed)

275 bmack86 the Chopper (level 6, -2/53 HPs)
             Began as a Minotaur Fighter on Mar 18, 2023.
             Slain by an iguana (7 damage)
             ... on level 4 of the Dungeon.
             The game lasted 00:07:05 (2329 turns).

bmack86 the Chopper (Minotaur Fighter)              Turns: 2329, Time: 00:07:05

Health: -2/53      AC:  7    Str: 23    XL:     6   Next: 3%
Magic:  5/5        EV:  9    Int:  5    God:
Gold:   60         SH:  5    Dex: 15    Spells: 5/5 levels left

rFire   . . .      SeeInvis +    a - +5 war axe
rCold   . . .      Faith    .    c - +0 buckler
rNeg    . . .      Spirit   .    b - +0 scale mail
rPois   .          Reflect  .    (helmet restricted)
rElec   .          Rampage  .    (no cloak)
rCorr   .                        (no gloves)
Will    .....                    (no boots) Stlth
                                 (no amulet)
HPRegen 0.28/turn                g - ring of see invisible
MPRegen 0.09/turn                r - +6 ring of dexterity

@: no status effects
A: horns 2, retaliatory headbutt
a: no special abilities


You were on level 4 of the Dungeon.
You visited 1 branch of the dungeon, and saw 4 of its levels.

You collected 114 gold pieces.
You spent 54 gold pieces at shops.

Inventory:

Hand Weapons
 a - a +5 war axe (weapon)
Missiles
 m - 2 throwing nets
 s - 6 poisoned darts (quivered)
 t - 2 javelins
Armour
 b - a +0 scale mail (worn)
 c - a +0 buckler (worn)
Jewellery
 e - a +6 ring of intelligence
 g - a ring of see invisible (left hand)
 j - a ring of ice
 r - a +6 ring of dexterity (right hand)
Scrolls
 i - 2 scrolls of teleportation {unknown}
 l - a scroll of identify
 n - a scroll of fog {unknown}
 o - a scroll of poison {unknown}
 q - 2 scrolls of amnesia {unknown}
Potions
 d - 2 potions of might
 f - 2 potions of lignification {unknown}
 h - a potion of brilliance
 k - 3 potions of curing
 p - a potion of attraction {unknown}
 u - a potion of cancellation {unknown}


   Skills:
 + Level 4.7 Fighting
 * Level 4.9 Axes
 + Level 1.5 Throwing
 + Level 4.7 Armour
 + Level 4.9 Shields


You had 5 spell levels left.
You didn't know any spells.
Your spell library was empty.

Dungeon Overview and Level Annotations

Branches:
Dungeon (4/15)
 Temple: D:4-7

Altars:
Makhleb
Nemelex Xobeh

Shops:
D:2 **


Innate Abilities, Weirdness & Mutations

You have a pair of horns on your head.
You reflexively headbutt those who attack you in melee.


Message History

Things that are here:
a +0 club; 4 stones; a kobold corpse The steam dragon closely misses you.
The steam dragon claws you but does no damage.
The steam dragon breathes steam at you. The ball of steam hits you!
You hear an angry hiss. x2
You slash the steam dragon!
The steam dragon is moderately wounded.
You are engulfed in a cloud of scalding steam.
A dart slug comes into view.
The steam dragon closely misses you. The steam dragon barely misses you.
You slash the steam dragon!
The steam dragon is severely wounded.
You are engulfed in a cloud of scalding steam.
You block the steam dragon's attack. The steam dragon barely misses you.
The steam dragon closely misses you.
The steam dragon claws you but does no damage.
You hit the steam dragon.
The steam dragon is severely wounded.
You are engulfed in a cloud of scalding steam.
The steam dragon bites you but does no damage.
The steam dragon closely misses you.
You slash the steam dragon!
You kill the steam dragon!
You are engulfed in a cloud of scalding steam.
* * * LOW HITPOINT WARNING * * *
You have reached level 6!
An iguana comes into view.
The dart slug bites you.
* * * LOW HITPOINT WARNING * * *
You block the dart slug's attack.
You hit the dart slug.
The dart slug is moderately wounded.
You hit the dart slug but do no damage. You headbutt the dart slug!
You kill the dart slug!
You slash the iguana! The iguana bites you.
* * * LOW HITPOINT WARNING * * *
The iguana bites you!
You die...

.. # .# ##. .##
#.##.. ..##..
....###....
##..#..#
#...@l.#
###.##..##
.........# #.#
########.# #.#
#)# #.# #.# #.#
#.# #.# #.# #.#
#.######.#######


You could see an iguana.

Vanquished Creatures
  A steam dragon (D:4)
  2 orc wizards (D:3)
  A gnoll (D:1)
  2 adders (D:2)
  3 dart slugs
  5 orcs (D:3)
  4 bats
  7 endoplasms
  A giant cockroach (D:1)
  4 hobgoblins (D:1)
  5 jackals
  2 quokkas
  6 ball pythons
  2 frilled lizards (D:1)
  6 goblins
  8 kobolds
  4 rats
63 creatures vanquished.

Notes
Turn   | Place    | Note
-------+----------+-------------------------------------------
     0 | D:1      | bmack86 the Minotaur Fighter began the quest for the Orb.
     0 | D:1      | Reached XP level 1. HP: 19/19 MP: 0/0
    69 | D:1      | Reached XP level 2. HP: 27/27 MP: 1/1
   588 | D:1      | Reached XP level 3. HP: 24/33 MP: 2/2
  1035 | D:2      | Found a burning altar of Makhleb.
  1302 | D:2      | Reached XP level 4. HP: 38/40 MP: 3/3
  1413 | D:2      | Found Woofeo's Assorted Antiques.
  1419 | D:2      | Bought a scroll labelled VUYNON ETUL for 27 gold pieces
  1419 | D:2      | Bought a scroll labelled VUYNON ETUL for 27 gold pieces
  1503 | D:2      | Found Ydaaz's General Store.
  1942 | D:3      | Reached XP level 5. HP: 24/47 MP: 4/4
  2207 | D:3      | Found a sparkling altar of Nemelex Xobeh.
  2268 | D:4      | Reached skill level 1 in Throwing
  2318 | D:4      | Noticed a steam dragon
  2325 | D:4      | Killed a steam dragon
  2326 | D:4      | Reached XP level 6. HP: 7/53 MP: 5/5
  2329 | D:4      | Slain by an iguana

Illustrated notes

Levels and vault maps discovered:
D:1:      lemuel_arrival_funnel, layout_loops_corners
D:2:      layout_basic, basic_altar, serial_shops, shop_statue, shop,
          minmay_tromino_v4_a
D:3:      layout_basic, nemelex_xobeh_ov_fountains_minmay,
          chequers_serial_rivers_small_b, grunt_ministairs_1,
          grunt_decor_arrowhead
D:4:      layout_loops_ring, xom_confusion_cloud, mainiacjoe_overflow_24_doors,
          nicolae_dithmenos_shadow_blocks

Skill      XL: |  1  2  3  4  5 |
---------------+----------------+-----
Axes           | 3 4 |  4.9
Armour         | 4 |  4.7
Shields        | 4 |  4.9
Fighting       | 4 |  4.7
Throwing       | 1 |  1.5

Action                     |  1- 3 |  4- 6 || total
---------------------------+-------+-------++-------
  Melee: War axe           |    74 |    51 ||   125
         Headbutt          |     4 |     4 ||     8
    Use: Scroll            |       |     7 ||     7
 Armour: Scale mail        |    36 |    29 ||    65
  Dodge: Dodged            |    44 |    32 ||    76
  Block: Buckler           |    21 |    11 ||    32

Table legend: (Time is in decaauts)
 A = Elapsed time spent in this place.
 B = Non-inter-level travel time spent in this place.
 C = Inter-level travel time spent in this place.
 D = Time resting spent in this place.
 E = Time spent auto-exploring this place.
 F = Levels seen in this place.
 G = Mean time per level.
                   A        B        C        D        E       F      G
               +--------+--------+--------+--------+--------+-----+--------+
         Total |   2371 |   2277 |     94 |      0 |   1698 |   4 |  592.8 |
       Dungeon |   2371 |   2277 |     94 |      0 |   1698 |   4 |  592.8 |
               +--------+--------+--------+--------+--------+-----+--------+

Top non-repeatable levels by time:
     D:1: 930 daAuts
     D:2: 750 daAuts
     D:3: 600 daAuts
     D:4: 90 daAuts
